 Dungeon Crawl Stone Soup version 0.26.0-10-g1f06aea511 (webtiles) character file.

Game seed: 9545778695434588103

34 night the Chopper (level 3, 0/33 HPs)
             Began as a Hill Orc Monk on Jan 23, 2021.
             Was a Follower of Uskayaw.
             Killed by divine providence
             ... invoked by an orc priest
              (15 damage)
             ... on level 3 of the Dungeon.
             The game lasted 00:03:16 (1826 turns).

night the Chopper (Hill Orc Monk)                   Turns: 1826, Time: 00:03:17

Health: 0/33       AC: 11    Str: 14    XL:     3   Next: 31%
Magic:  3/3        EV:  3    Int: 10    God:    Uskayaw [*.....]
Gold:   164        SH:  3    Dex: 13    Spells: 2/2 levels left

rFire    . . .     SeeInvis .   a - +0 hand axe
rCold    . . .     Faith    .   n - +0 buckler
rNeg     . . .     Spirit   .   s - +0 plate armour
rPois    .         Reflect  .   (no helmet)
rElec    .         Harm     .   r - +0 cloak
rCorr    .         Rampage  .   (no gloves)
Will     .....                  (no boots)
Stlth    ..........             (no amulet)
HPRegen  0.11/turn              (no ring)
MPRegen  0.08/turn              (no ring)

@: no status effects
A: no striking features
a: Renounce Religion, Convert to Beogh, Stomp


You were on level 3 of the Dungeon.
You worshipped Uskayaw.
Uskayaw was noncommittal.
You visited 1 branch of the dungeon, and saw 3 of its levels.

You collected 164 gold pieces.

Inventory:

Hand Weapons
 a - a +0 hand axe (weapon)
Missiles
 f - 2 throwing nets
Armour
 b - a +0 robe
 h - a +0 ring mail
 n - a +0 buckler (worn)
 r - a +0 cloak (worn)
 s - a +0 plate armour (worn)
Jewellery
 k - a cursed ring of attention {unknown}
 l - a cursed ring of teleportation {unknown}
Wands
 m - a wand of iceblast (4) (quivered)
Scrolls
 c - 3 scrolls of identify {unknown}
 d - 2 scrolls of remove curse {unknown}
 e - 2 scrolls of magic mapping {unknown}
 g - 2 scrolls of immolation {unknown}
 j - a scroll of amnesia {unknown}
Potions
 i - 4 potions of heal wounds {unknown}
 o - a potion of magic {unknown}
 p - 2 potions of curing {unknown}
 q - a potion of cancellation {unknown}


   Skills:
 + Level 4.1 Fighting
 * Level 4.4 Axes
 - Level 2.7 Dodging
 - Level 2.1 Stealth
 + Level 0.0 Invocations


You had 2 spell levels left.
You didn't know any spells.
Your spell library was empty.

Dungeon Overview and Level Annotations

Branches:
Dungeon (3/15)

Altars:
Elyvilon
Okawaru
Uskayaw

Annotations:
D:3 exclusion: upstairs


Message History

You hit the orc.
The orc is moderately wounded.
The orc barely misses you.
The orc priest looks encouraged for a moment.
You hit the orc.
The orc is almost dead.
The orc hits you.
The orc priest mumbles some strange prayers to Beogh against you.
Beogh smites you!
You are too injured to fight recklessly!
You are too injured to fight recklessly!
You barely miss the orc.
The orc is almost dead.
The orc barely misses you.
You hit the orc.
You kill the orc!
The rat twitches its whiskers.
The orc priest invokes the aid of Beogh against you.
Beogh smites you!
You die...

..... ...#.P.P
..... .......#
#..$ #..P...#
...###...P..#
#####..........
.............
..........########
........oro@.....#
..........######.#
# .........##
#.######## #
.........+
#.##.....# #
......<..#
#.##.....# #
.........#
###.##.....# #
.........#
#..........# #
.........#
#.#.#......# #
.........#
#.#.#......# #


You could see an orc priest, an orc and a rat.

Vanquished Creatures
  An adder (D:2)
  An orc (D:3)
  A ball python (D:3)
  3 giant cockroaches
  4 goblins
  5 hobgoblins
  A bat (D:1)
  2 frilled lizards
  7 rats
25 creatures vanquished.

Vanquished Creatures (others)
  A kraken (D:1)
  A ghoul (D:1)
  A draconian (D:1)
  An octopode (D:1)
  A gargoyle (D:1)
  A troll (D:1)
  A formicid (D:1)
  A human (D:1)
  A spriggan (D:1)
  An ogre (D:1)
  An orc (D:1)
  2 fungi (D:1)
  6 plants (D:1)
  6 tentacles (D:1)
  5 toadstools (D:1)
30 creatures vanquished.

Grand Total: 55 creatures vanquished

Notes
Turn   | Place    | Note
-------+----------+-------------------------------------------
     0 | D:1      | night the Hill Orc Monk began the quest for the Orb.
     0 | D:1      | Reached XP level 1. HP: 19/19 MP: 1/1
     2 | D:1      | Noticed an ogre
     2 | D:1      | Noticed a gargoyle
     2 | D:1      | Noticed a troll
     2 | D:1      | Noticed a spriggan
     2 | D:1      | Noticed a draconian
     2 | D:1      | Noticed a formicid
     2 | D:1      | Noticed an octopode
     2 | D:1      | Noticed a kraken
     2 | D:1      | Noticed a draconian
     2 | D:1      | Noticed a ghoul
     2 | D:1      | Noticed a minotaur
     2 | D:1      | Noticed a human
     2 | D:1      | Noticed an elf
     2 | D:1      | Noticed a spriggan
     6 | D:1      | Killed a ghoul
     8 | D:1      | Killed an octopode
    11 | D:1      | Killed an ogre
    13 | D:1      | Killed a gargoyle
    14 | D:1      | Killed a troll
    16 | D:1      | Killed a human
    19 | D:1      | Killed a spriggan
    19 | D:1      | Killed a formicid
    22 | D:1      | Killed a draconian
    24 | D:1      | Killed a kraken
   256 | D:1      | Reached XP level 2. HP: 22/27 MP: 2/2
  1066 | D:2      | Found a white marble altar of Elyvilon.
  1080 | D:2      | Reached XP level 3. HP: 33/33 MP: 3/3
  1177 | D:2      | Found a hide-covered altar of Uskayaw.
  1195 | D:2      | Became a worshipper of Uskayaw the Reveller
  1195 | D:2      | Reached * piety under Uskayaw
  1779 | D:3      | Found an iron altar of Okawaru.
  1826 | D:3      | Killed from afar by an orc priest

Illustrated notes

Levels and vault maps discovered:
D:1:      nicolae_arrival_kraken_aquarium_b, layout_basic,
          minmay_gold_behind_fungi, glass_columns_b, kennysheep_boxes
D:2:      layout_basic, eat_drink_and_be_merry_uskayaw, elyvilon_altar_5
D:3:      layout_basic, kiku_gazebo_garden_becter, kennysheep_okawaru_gauntlet

Skill      XL: |  1  2 |
---------------+-------+-----
Fighting       | 4 |  4.1
Stealth        | 2 |  2.1
Axes           | |  4.4
Dodging        | |  2.7

Action                   || total
-------------------------++-------
Melee: Hand axe          ||    67
Armor: Robe              ||     3
       Ring mail         ||    13
       Plate armour      ||     4
Dodge: Dodged            ||    33
Block: Buckler           ||     5
